[Event "ICC tourney 2347 (3 2)"]
[Site "Internet Chess Club"]
[Date "2021.01.29"]
[Round "1"]
[White "DavidNest"]
[Black "predatorx"]
[Result "0-1"]
[ICCResult "White checkmated"]
[WhiteElo "1270"]
[BlackElo "1815"]
[Opening "French: advance variation"]
[ECO "C02"]
[NIC "FR.03"]
[Time "19:04:39"]
[PlyCount "24"]
[TimeControl "180+2"]

1. e4 e6 2. d4 d5 3. e5 c5 4. c4 Nc6 5. cxd5 exd5 6. Nf3 cxd4 7. Bb5 Qa5+
8. Bd2 Qxb5 9. b3 Nb4 10. Na3 Nd3+ 11. Ke2 Nf4+ 12. Ke1 Nxg2# { White
checkmated } 0-1

[Event "ICC tourney 2347 (3 2)"]
[Site "Internet Chess Club"]
[Date "2021.01.29"]
[Round "1"]
[White "marksheinin"]
[Black "sushimonster"]
[Result "0-1"]
[ICCResult "White forfeits on time"]
[WhiteElo "693"]
[BlackElo "1510"]
[Opening "Giuoco Piano"]
[ECO "C50"]
[NIC "IG.02"]
[Time "19:04:35"]
[PlyCount "40"]
[TimeControl "180+2"]

1. e4 e5 2. Nf3 Nc6 3. Bc4 Bc5 4. O-O d6 5. Nc3 Bg4 6. h3 Bh5 7. Be2 Nf6 8.
Ng5 Bxe2 9. Qxe2 Nd4 10. Qc4 O-O 11. Qd3 h6 12. Nf3 Nh5 13. Ne2 Nxe2+ 14.
Qxe2 Nf4 15. Qb5 Bb6 16. d3 Qf6 17. Bxf4 Qxf4 18. Qd5 Rab8 19. a4 Bc5 20.
c3 c6 { White forfeits on time } 0-1

[Event "ICC tourney 2347 (3 2)"]
[Site "Internet Chess Club"]
[Date "2021.01.29"]
[Round "1"]
[White "GlibNest"]
[Black "bananaplaychess"]
[Result "1-0"]
[ICCResult "Black forfeits on time"]
[WhiteElo "1502"]
[BlackElo "610"]
[Opening "Caro-Kann: advance variation"]
[ECO "B12"]
[NIC "CK.04"]
[Time "19:04:43"]
[PlyCount "33"]
[TimeControl "180+2"]

1. e4 c6 2. d4 d5 3. e5 Bf5 4. h4 e6 5. g4 Bb4+ 6. Bd2 Bxd2+ 7. Nxd2 Be4 8.
f3 Bg6 9. h5 Bxc2 10. Qxc2 Nd7 11. Bd3 Ne7 12. Ne2 Qc7 13. Bxh7 Qb6 14. Bd3
O-O-O 15. Qb3 Qb4 16. Qxb4 Nb6 17. Qxe7 { Black forfeits on time } 1-0

[Event "ICC tourney 2347 (3 2)"]
[Site "Internet Chess Club"]
[Date "2021.01.29"]
[Round "1"]
[White "YertletheTurtle"]
[Black "summermonkey291"]
[Result "0-1"]
[ICCResult "White checkmated"]
[WhiteElo "1569"]
[BlackElo "1099"]
[Opening "English: Bremen, Smyslov system"]
[ECO "A22"]
[NIC "EO.10"]
[Time "19:04:37"]
[PlyCount "64"]
[TimeControl "180+2"]

1. c4 e5 2. Nc3 Nf6 3. g3 Bb4 4. Bg2 Nc6 5. e4 d6 6. Nge2 Bg4 7. h3 Bh5 8.
O-O Nd4 9. Qa4+ Nc6 10. a3 Bxc3 11. Nxc3 O-O 12. d3 Nd4 13. Be3 Ne2+ 14.
Nxe2 Bxe2 15. Rfe1 Bxd3 16. Qb3 Bxe4 17. Bxe4 Nxe4 18. Qxb7 Nc5 19. Bxc5
dxc5 20. Rxe5 Qd4 21. Rd5 Qxc4 22. Rad1 Rab8 23. Qxc7 Qb5 24. Rxc5 Qxb2 25.
Qxa7 Qf6 26. Rcc1 Rb2 27. a4 Rfb8 28. a5 h6 29. a6 R8b6 30. Qa8+ Kh7 31. a7
Qxf2+ 32. Kh1 Qh2# { White checkmated } 0-1

[Event "ICC tourney 2347 (3 2)"]
[Site "Internet Chess Club"]
[Date "2021.01.29"]
[Round "1"]
[White "AidanMc2013"]
[Black "atharvamchess"]
[Result "0-1"]
[ICCResult "White forfeits on time"]
[WhiteElo "464"]
[BlackElo "1446"]
[Opening "Giuoco Piano"]
[ECO "C50"]
[NIC "IG.02"]
[Time "19:04:39"]
[PlyCount "62"]
[TimeControl "180+2"]

1. e4 e5 2. Nf3 Nc6 3. Bc4 Bc5 4. O-O Nf6 5. Nc3 O-O 6. d3 h6 7. Be3 Bb6 8.
Nd5 d6 9. Nxf6+ Qxf6 10. Bxb6 axb6 11. Qe2 Bg4 12. Rad1 Nd4 13. Qe3 Nxf3+
14. Kh1 Nd4 15. Rde1 Nxc2 16. Qg3 Nxe1 17. Qxg4 Nc2 18. Bb3 Nd4 19. Bd1 Qe6
20. Qh4 Rxa2 21. Bg4 Qf6 22. Qh5 Rxb2 23. h3 Qg5 24. Qxg5 hxg5 25. Re1 Rxf2
26. Re3 f5 27. exf5 Nxf5 28. Bxf5 R8xf5 29. Kh2 Rd2 30. Re1 Rff2 31. Re3
Rxg2+ { White forfeits on time } 0-1

[Event "ICC tourney 2347 (3 2)"]
[Site "Internet Chess Club"]
[Date "2021.01.29"]
[Round "1"]
[White "Kyle2007"]
[Black "IcePotato"]
[Result "1-0"]
[ICCResult "Black forfeits on time"]
[WhiteElo "2038"]
[BlackElo "1298"]
[Opening "French: Marshall variation"]
[ECO "C10"]
[NIC "FR.04"]
[Time "19:04:38"]
[PlyCount "53"]
[TimeControl "180+2"]

1. e4 e6 2. d4 d5 3. Nc3 c5 4. exd5 exd5 5. Nf3 Nf6 6. Be2 Nc6 7. O-O Be7
8. Be3 cxd4 9. Nxd4 Nxd4 10. Bxd4 Bf5 11. Qd2 O-O 12. Rad1 Qd6 13. Bxf6
Bxf6 14. Nxd5 Bxb2 15. Bf3 Rad8 16. c4 Be6 17. Qxb2 b6 18. Nf6+ gxf6 19.
Rxd6 Rxd6 20. Qxf6 Rfd8 21. Qg5+ Kf8 22. c5 bxc5 23. Qxc5 Kg8 24. Qg5+ Kf8
25. Bg4 Bxg4 26. Qxg4 h5 27. Qxh5 { Black forfeits on time } 1-0

[Event "ICC tourney 2347 (3 2)"]
[Site "Internet Chess Club"]
[Date "2021.01.29"]
[Round "1"]
[White "escape18"]
[Black "Xuanli28"]
[Result "0-1"]
[ICCResult "White checkmated"]
[WhiteElo "1328"]
[BlackElo "2252"]
[Opening "King's Indian defense, 3.Nc3"]
[ECO "E61"]
[NIC "KI.80"]
[Time "19:04:38"]
[PlyCount "72"]
[TimeControl "180+2"]

1. d4 Nf6 2. c4 g6 3. Nc3 Bg7 4. e3 d6 5. b3 O-O 6. Bb2 Nbd7 7. Nf3 e5 8.
Qc2 c6 9. Be2 Qe7 10. dxe5 dxe5 11. O-O Ne8 12. Rad1 f5 13. Qc1 Nc7 14. Ba3
c5 15. Qb2 b6 16. b4 e4 17. Ne1 Ba6 18. b5 Bb7 19. Nc2 Ne6 20. Qb3 Ne5 21.
Nd5 Qg5 22. Bb2 f4 23. Bxe5 Bxe5 24. exf4 Nxf4 25. Nxf4 Rxf4 26. g3 Raf8
27. Qe3 R4f5 28. Qxg5 Rxg5 29. Rd7 Rf7 30. Rd8+ Kg7 31. f4 exf3 32. Bd3 h5
33. Ne1 h4 34. Re8 Bd4+ 35. Kh1 hxg3 36. hxg3 Rh5# { White checkmated } 0-1

[Event "ICC tourney 2347 (3 2)"]
[Site "Internet Chess Club"]
[Date "2021.01.29"]
[Round "1"]
[White "elMo17"]
[Black "tinyattacker"]
[Result "1-0"]
[ICCResult "Black forfeits on time"]
[WhiteElo "1786"]
[BlackElo "1216"]
[Opening "King's Indian: East Indian defense"]
[ECO "A48"]
[NIC "QP.06"]
[Time "19:04:34"]
[PlyCount "63"]
[TimeControl "180+2"]

1. d4 Nf6 2. Nf3 g6 3. e3 Bg7 4. Be2 d5 5. O-O O-O 6. c3 Bf5 7. Nbd2 Nbd7
8. b4 b6 9. Bb2 c5 10. bxc5 bxc5 11. c4 dxc4 12. Bxc4 Rb8 13. Qc1 Qb6 14.
Nb3 Rbc8 15. Qd2 Ne4 16. Qe2 cxd4 17. Nfxd4 Ndc5 18. Nxf5 gxf5 19. Bxg7
Kxg7 20. Nd4 Qf6 21. Rac1 e5 22. Nb5 a6 23. Nc3 Nxc3 24. Rxc3 f4 25. exf4
Qxf4 26. Rg3+ Kh8 27. Bxa6 Nxa6 28. Qxa6 Rg8 29. Rxg8+ Rxg8 30. Qb7 e4 31.
Qb2+ f6 32. Rd1 { Black forfeits on time } 1-0

[Event "ICC tourney 2347 (3 2)"]
[Site "Internet Chess Club"]
[Date "2021.01.29"]
[Round "1"]
[White "SimonMango"]
[Black "aarm2008"]
[Result "0-1"]
[ICCResult "White checkmated"]
[WhiteElo "1149"]
[BlackElo "1709"]
[Opening "English: Anglo-Grünfeld defense"]
[ECO "A16"]
[NIC "EO.64"]
[Time "19:04:37"]
[PlyCount "130"]
[TimeControl "180+2"]

1. c4 Nf6 2. Nc3 d5 3. cxd5 Nxd5 4. Nxd5 Qxd5 5. Nf3 Nc6 6. d4 Bg4 7. Be3
O-O-O 8. g3 Bxf3 9. exf3 Nxd4 10. Bxd4 Qxd4 11. Qxd4 Rxd4 12. Bh3+ e6 13.
O-O Bb4 14. a3 Bc5 15. b4 Bb6 16. Rac1 Rhd8 17. Rfe1 Rd2 18. Rf1 Ra2 19.
Ra1 Bxf2+ 20. Kg2 Rxa1 21. Rxa1 Rd2 22. Kf1 Bd4 23. Rb1 Rxh2 24. Bg2 Rh5
25. g4 Rd5 26. Rd1 Bb2 27. Rxd5 exd5 28. a4 Bc3 29. b5 c6 30. f4 Bd2 31. f5
Kc7 32. Ke2 Bg5 33. Kd3 Kd6 34. Kd4 c5+ 35. Kd3 b6 36. Kc3 Bf6+ 37. Kd3 c4+
38. Kc2 Kc5 39. Bf1 d4 40. Kb2 d3+ 41. Ka3 d2 42. Be2 c3 43. Kb3 Kd4 44.
Kc2 g6 45. fxg6 hxg6 46. Kd1 Ke3 47. Bc4 Kf4 48. Be2 Bd4 49. Kc2 f5 50.
gxf5 gxf5 51. Bd3 Bh8 52. Kd1 Ke5 53. Kc2 Kf4 54. Be2 Ke3 55. Bc4 f4 56.
Kd1 f3 57. a5 bxa5 58. b6 axb6 59. Bb3 f2 60. Bc4 a4 61. Bb5 a3 62. Be2 a2
63. Bd3 a1=Q+ 64. Kc2 Qb2+ 65. Kd1 Qc1# { White checkmated } 0-1

[Event "ICC tourney 2347 (3 2)"]
[Site "Internet Chess Club"]
[Date "2021.01.29"]
[Round "2"]
[White "bananaplaychess"]
[Black "DavidNest"]
[Result "0-1"]
[ICCResult "White resigns"]
[WhiteElo "610"]
[BlackElo "1270"]
[Opening "Dutch defense"]
[ECO "A84"]
[NIC "HD.10"]
[Time "19:17:18"]
[PlyCount "65"]
[TimeControl "180+2"]

1. d4 f5 2. c4 Nf6 3. Nf3 g6 4. Bf4 Bg7 5. Nc3 O-O 6. e3 d6 7. Bd3 Qe8 8.
O-O Nbd7 9. Qa4 c6 10. Rfe1 e5 11. dxe5 dxe5 12. Bg5 e4 13. Nxe4 fxe4 14.
Bxf6 Nxf6 15. Bxe4 Qxe4 16. Ng5 Qe8 17. c5 Nd5 18. e4 Nf4 19. Qc4+ Be6 20.
Nxe6 Qxe6 21. Qb4 Nd3 22. Qb3 Nxe1 23. Qxe6+ Kh8 24. Rxe1 Rae8 25. Qd7 Bxb2
26. Qxb7 Bc3 27. Rc1 Rxe4 28. Qb3 Bg7 29. Qb7 Rfe8 30. Qb4 Rxb4 31. a3 Rbe4
32. f3 Re1+ 33. Rxe1 { White resigns } 0-1

[Event "ICC tourney 2347 (3 2)"]
[Site "Internet Chess Club"]
[Date "2021.01.29"]
[Round "2"]
[White "IcePotato"]
[Black "marksheinin"]
[Result "1-0"]
[ICCResult "Black forfeits on time"]
[WhiteElo "1298"]
[BlackElo "693"]
[Opening "QGA: 3.e4"]
[ECO "D20"]
[NIC "QG.04"]
[Time "19:18:01"]
[PlyCount "37"]
[TimeControl "180+2"]

1. d4 d5 2. c4 dxc4 3. e4 Nf6 4. Nc3 Nc6 5. Nf3 Bg4 6. d5 Ne5 7. Be2 Nxf3+
8. Bxf3 Bxf3 9. Qxf3 e6 10. dxe6 fxe6 11. O-O Bc5 12. e5 Nd7 13. Be3 Bxe3
14. Qxe3 O-O 15. f4 Nb6 16. Rad1 Qh4 17. Qg3 Qxg3 18. hxg3 Rf5 19. g4 {
Black forfeits on time } 1-0

[Event "ICC tourney 2347 (3 2)"]
[Site "Internet Chess Club"]
[Date "2021.01.29"]
[Round "2"]
[White "atharvamchess"]
[Black "Kyle2007"]
[Result "0-1"]
[ICCResult "White forfeits on time"]
[WhiteElo "1446"]
[BlackElo "2038"]
[Opening "Queen's pawn: London system"]
[ECO "A45"]
[NIC "QP.07"]
[Time "19:17:06"]
[PlyCount "50"]
[TimeControl "180+2"]

1. d4 Nf6 2. Bf4 e6 3. e3 d5 4. Bd3 Bd6 5. Bg3 O-O 6. Nf3 b6 7. c3 Bb7 8.
O-O c5 9. Nbd2 Ne4 10. Qc2 Bxg3 11. hxg3 f5 12. Ne5 Nd7 13. Ndf3 Qc7 14.
Nxd7 Qxd7 15. Ne5 Qe7 16. a4 a5 17. Bb5 g5 18. Bc6 Bxc6 19. Nxc6 Qf6 20.
Ne5 Ra7 21. Ra3 f4 22. exf4 gxf4 23. gxf4 Qxf4 24. g3 Rg7 25. Kh2 Nxg3 {
White forfeits on time } 0-1

[Event "ICC tourney 2347 (3 2)"]
[Site "Internet Chess Club"]
[Date "2021.01.29"]
[Round "2"]
[White "LionsWilliamH"]
[Black "Edwardsong"]
[Result "0-1"]
[ICCResult "White forfeits on time"]
[WhiteElo "604"]
[BlackElo "475"]
[Opening "French defense"]
[ECO "C00"]
[NIC "FR.01"]
[Time "19:18:01"]
[PlyCount "32"]
[TimeControl "180+2"]

1. e4 e6 2. Nf3 d5 3. exd5 exd5 4. d4 Nc6 5. Nc3 Nf6 6. Bg5 Be7 7. Bb5 O-O
8. O-O a6 9. Ba4 b5 10. Bb3 Bg4 11. Bxf6 Bxf6 12. Nxd5 Bxf3 13. Qxf3 Nxd4
14. Qe4 Nxb3 15. cxb3 c6 16. Nb6 Qb8 { White forfeits on time } 0-1

[Event "ICC tourney 2347 (3 2)"]
[Site "Internet Chess Club"]
[Date "2021.01.29"]
[Round "2"]
[White "Xuanli28"]
[Black "sushimonster"]
[Result "1-0"]
[ICCResult "Black checkmated"]
[WhiteElo "2252"]
[BlackElo "1510"]
[Opening "Giuoco Piano"]
[ECO "C54"]
[NIC "IG.02"]
[Time "19:17:25"]
[PlyCount "97"]
[TimeControl "180+2"]

1. e4 e5 2. Nf3 Nc6 3. Bc4 Bc5 4. c3 Nf6 5. d3 d6 6. O-O Bg4 7. h3 Bh5 8.
a4 a5 9. Nbd2 O-O 10. Re1 Re8 11. Nf1 Bg6 12. Ng3 d5 13. Bb3 h6 14. Nh4 Bh7
15. Nhf5 Bxf5 16. Nxf5 dxe4 17. dxe4 Qxd1 18. Bxd1 Ne7 19. Bc2 Nxf5 20.
exf5 Rad8 21. Rb1 Bb6 22. b4 axb4 23. cxb4 e4 24. a5 Ba7 25. b5 Bc5 26. Be3
Bxe3 27. Rxe3 Nd5 28. Rxe4 Rxe4 29. Bxe4 Nc3 30. Rb4 Nxe4 31. Rxe4 Rd5 32.
a6 Rxb5 33. a7 Ra5 34. Re8+ Kh7 35. a8=Q Rxa8 36. Rxa8 b6 37. Rc8 c5 38.
Rb8 c4 39. Rxb6 c3 40. Rc6 c2 41. Rxc2 g6 42. fxg6+ Kxg6 43. g4 f6 44. Kg2
Kg5 45. Kg3 Kg6 46. f4 Kg7 47. Rc6 Kg6 48. f5+ Kg5 49. h4# { Black
checkmated } 1-0

[Event "ICC tourney 2347 (3 2)"]
[Site "Internet Chess Club"]
[Date "2021.01.29"]
[Round "2"]
[White "aarm2008"]
[Black "OwenMc2015"]
[Result "1-0"]
[ICCResult "Black checkmated"]
[WhiteElo "1709"]
[BlackElo "109"]
[Opening "Vienna game, Max Lange defense"]
[ECO "C25"]
[NIC "VG.04"]
[Time "19:17:19"]
[PlyCount "49"]
[TimeControl "180+2"]

1. e4 e5 2. Nc3 Nc6 3. Bc4 Bc5 4. Qg4 d6 5. Qxg7 Qh4 6. Qxf7+ Kd8 7. Qf8+
Kd7 8. g3 Qh6 9. Qf7+ Kd8 10. d4 exd4 11. Bxh6 dxc3 12. Qf8+ Kd7 13. Bf7
Nf6 14. Qxh8 Ne7 15. Qxf6 Kc6 16. Qxe7 Bh3 17. Be8+ Kb6 18. bxc3 Bg2 19.
Rb1+ Ka6 20. Qd7 c6 21. Qxb7+ Ka5 22. Bxc6 a6 23. Rb5+ Ka4 24. Rxc5+ Ka3
25. Qb3# { Black checkmated } 1-0

[Event "ICC tourney 2347 (3 2)"]
[Site "Internet Chess Club"]
[Date "2021.01.29"]
[Round "2"]
[White "summermonkey291"]
[Black "elMo17"]
[Result "0-1"]
[ICCResult "White checkmated"]
[WhiteElo "1099"]
[BlackElo "1786"]
[Opening "QGA: 3.e4"]
[ECO "D20"]
[NIC "QG.04"]
[Time "19:18:01"]
[PlyCount "86"]
[TimeControl "180+2"]

1. d4 d5 2. c4 dxc4 3. e4 c5 4. Nf3 cxd4 5. Qxd4 Qxd4 6. Nxd4 Bd7 7. Bxc4
Nc6 8. Nxc6 Bxc6 9. Nc3 e6 10. Bf4 Nf6 11. Bb5 Bb4 12. Bxc6+ bxc6 13. f3
Ke7 14. Bg5 h6 15. Bxf6+ Kxf6 16. f4 Rhd8 17. a3 Bxc3+ 18. bxc3 Rd3 19. Rc1
Rad8 20. Ke2 e5 21. Rhf1 exf4 22. Rxf4+ Ke6 23. Rf3 Rd2+ 24. Ke1 Ra2 25.
Rg3 g6 26. c4 Rdd2 27. Re3 Rxg2 28. Kd1 Rxh2 29. Rc2 Ra1+ 30. Rc1 Rh1+ 31.
Re1 Rxe1+ 32. Kxe1 Rxc1+ 33. Ke2 Ke5 34. Ke3 Rxc4 35. Kd3 Rxe4 36. Kc3 h5
37. a4 h4 38. Kd2 h3 39. Kd3 h2 40. Kd2 h1=Q 41. Kc3 Qf3+ 42. Kc2 Re2+ 43.
Kd1 Qf1# { White checkmated } 0-1

[Event "ICC tourney 2347 (3 2)"]
[Site "Internet Chess Club"]
[Date "2021.01.29"]
[Round "2"]
[White "SimonMango"]
[Black "escape18"]
[Result "1-0"]
[ICCResult "Black forfeits on time"]
[WhiteElo "1149"]
[BlackElo "1328"]
[Opening "Old Indian: Janowski variation"]
[ECO "A53"]
[NIC "OI.04"]
[Time "19:17:14"]
[PlyCount "47"]
[TimeControl "180+2"]

1. c4 d6 2. d4 Nf6 3. Nc3 Bf5 4. Bg5 Nc6 5. Bxf6 gxf6 6. e4 Bg6 7. Nf3 e5
8. d5 Ne7 9. Be2 Qd7 10. O-O O-O-O 11. b4 f5 12. Bd3 f4 13. c5 f5 14. Re1
h5 15. Ng5 Bh6 16. Ne6 Rde8 17. Bb5 c6 18. dxc6 bxc6 19. Ba6+ Kb8 20. Qxd6+
Qxd6 21. cxd6 Ng8 22. Nc7 Rd8 23. Red1 Rh7 24. Rab1 { Black forfeits on
time } 1-0

[Event "ICC tourney 2347 (3 2)"]
[Site "Internet Chess Club"]
[Date "2021.01.29"]
[Round "2"]
[White "predatorx"]
[Black "GlibNest"]
[Result "0-1"]
[ICCResult "White resigns"]
[WhiteElo "1815"]
[BlackElo "1502"]
[Opening "Dutch: Leningrad, main variation"]
[ECO "A87"]
[NIC "QP.11"]
[Time "19:17:12"]
[PlyCount "72"]
[TimeControl "180+2"]

1. Nf3 f5 2. d4 Nf6 3. g3 g6 4. Bg2 Bg7 5. c4 O-O 6. Nc3 d6 7. O-O Qe8 8.
Qb3 e5 9. d5 Nbd7 10. Ng5 Nc5 11. Qc2 a5 12. Nb5 Qe7 13. Be3 Na6 14. Rfd1
h6 15. Nf3 Bd7 16. a4 Bxb5 17. cxb5 Nb4 18. Qb3 Qf7 19. Ne1 c6 20. dxc6
Qxb3 21. cxb7 Rab8 22. Ba7 e4 23. Bxb8 Rxb8 24. Rac1 Rxb7 25. Rc3 Qxd1 26.
Rc8+ Kh7 27. Kf1 Ng4 28. h3 Nh2+ 29. Kg1 Qxe1+ 30. Kxh2 Qxf2 31. Rc3 Bxc3
32. bxc3 Nd5 33. c4 Nc3 34. c5 dxc5 35. b6 Nxe2 36. g4 Nf4 { White resigns
} 0-1

[Event "ICC tourney 2347 (3 2)"]
[Site "Internet Chess Club"]
[Date "2021.01.29"]
[Round "2"]
[White "tinyattacker"]
[Black "YertletheTurtle"]
[Result "1-0"]
[ICCResult "Black forfeits on time"]
[WhiteElo "1216"]
[BlackElo "1569"]
[Opening "Sicilian: O'Kelly variation"]
[ECO "B28"]
[NIC "SI.43"]
[Time "19:17:21"]
[PlyCount "97"]
[TimeControl "180+2"]

1. e4 c5 2. Nf3 a6 3. d4 cxd4 4. Nxd4 Nf6 5. Nc3 e5 6. Nb3 Bb4 7. Bd3 Qc7
8. Bd2 Nc6 9. O-O d6 10. a3 Bxc3 11. Bxc3 O-O 12. Nd2 Be6 13. Nf3 Rac8 14.
Qd2 h6 15. Qc1 Nh5 16. Bd2 Nf6 17. Bxh6 gxh6 18. Qxh6 Ng4 19. Qg5+ Kh8 20.
Qh5+ Kg8 21. h3 Nf6 22. Qg5+ Kh7 23. Qxf6 Rg8 24. Ng5+ Rxg5 25. Qxg5 Rg8
26. Qh5+ Kg7 27. Rfe1 Kf8 28. Re3 Nd4 29. Rc1 Qd7 30. c3 Nb3 31. Rc2 Nc5
32. Rf3 Ke8 33. c4 Qa4 34. Rc1 Nxd3 35. Rxd3 Bxc4 36. b3 Qxa3 37. Rxc4 Qa1+
38. Kh2 Qf1 39. Rc8+ Ke7 40. Rxg8 Qxd3 41. Qg5+ Kd7 42. Qf5+ Kc6 43. Qxf7
Qxe4 44. Qf3 Qxf3 45. gxf3 d5 46. Rc8+ Kd7 47. Ra8 d4 48. Kg1 d3 49. Kf1 {
Black forfeits on time } 1-0

[Event "ICC tourney 2347 (3 2)"]
[Site "Internet Chess Club"]
[Date "2021.01.29"]
[Round "3"]
[White "OwenMc2015"]
[Black "IcePotato"]
[Result "0-1"]
[ICCResult "White checkmated"]
[WhiteElo "109"]
[BlackElo "1298"]
[Opening "French: Two knights variation"]
[ECO "C00"]
[NIC "FR.01"]
[Time "19:28:24"]
[PlyCount "36"]
[TimeControl "180+2"]

1. e4 e6 2. Nf3 d5 3. Nc3 dxe4 4. Bb5+ c6 5. Bc4 exf3 6. Qxf3 Nf6 7. Qf4
Bd6 8. O-O Bxf4 9. g3 Bxd2 10. Bxd2 Qxd2 11. Ne4 Qxc2 12. Rfb1 Nxe4 13. Bb3
Qxf2+ 14. Kh1 Nd2 15. Rf1 Qd4 16. Rfc1 Nf3 17. Bc2 Qd2 18. Ba4 Qxh2# {
White checkmated } 0-1

[Event "ICC tourney 2347 (3 2)"]
[Site "Internet Chess Club"]
[Date "2021.01.29"]
[Round "3"]
[White "Edwardsong"]
[Black "GlibNest"]
[Result "0-1"]
[ICCResult "White checkmated"]
[WhiteElo "475"]
[BlackElo "1502"]
[Opening "QP counter-gambit (elephant gambit)"]
[ECO "C40"]
[NIC "KP.10"]
[Time "19:28:24"]
[PlyCount "68"]
[TimeControl "180+2"]

1. e4 e5 2. Nf3 d5 3. Nxe5 Bd6 4. d4 dxe4 5. Nc3 Bxe5 6. dxe5 Qxd1+ 7. Nxd1
Nc6 8. Nc3 Bf5 9. Bf4 Nge7 10. Bb5 O-O-O 11. O-O Ng6 12. Bxc6 bxc6 13. Rfd1
Nxf4 14. Rxd8+ Rxd8 15. g3 Ng6 16. Kg2 Nxe5 17. f4 exf3+ 18. Kf2 Bxc2 19.
Re1 Nd3+ 20. Kf1 Nxe1 21. Kxe1 Bd3 22. Na4 Be2 23. Kf2 Rd2 24. Nc3 Rxb2 25.
Ne4 Bd3+ 26. Kxf3 Bxe4+ 27. Kxe4 Rxa2 28. Kf5 Rxh2 29. Kf4 a5 30. Ke4 a4
31. Kd3 a3 32. Kc3 a2 33. Kb4 a1=Q 34. Kc5 Qc3# { White checkmated } 0-1

[Event "ICC tourney 2347 (3 2)"]
[Site "Internet Chess Club"]
[Date "2021.01.29"]
[Round "3"]
[White "sushimonster"]
[Black "SimonMango"]
[Result "1-0"]
[ICCResult "Black checkmated"]
[WhiteElo "1510"]
[BlackElo "1149"]
[Opening "Sicilian: Alapin's variation (2.c3)"]
[ECO "B22"]
[NIC "SI.46"]
[Time "19:29:17"]
[PlyCount "79"]
[TimeControl "180+2"]

1. e4 c5 2. c3 Nc6 3. d4 cxd4 4. cxd4 g6 5. Nf3 Bg7 6. Nc3 Nf6 7. a3 O-O 8.
Bc4 d6 9. O-O Bg4 10. h3 Bxf3 11. gxf3 Qd7 12. Kh2 a6 13. Rg1 Qc7 14. Nd5
Nxd5 15. Bxd5 Nxd4 16. Be3 Nc6 17. Qc2 Rfc8 18. Rac1 e6 19. Bxc6 Qxc6 20.
Qxc6 Rxc6 21. b3 Rc3 22. Rxc3 Bxc3 23. Rc1 Bb2 24. Rc7 Ra7 25. Bxa7 Bxa3
26. Rxb7 f5 27. Bd4 Bb4 28. Rxb4 e5 29. Be3 d5 30. exd5 e4 31. fxe4 h5 32.
e5 g5 33. e6 g4 34. d6 f4 35. Bxf4 h4 36. hxg4 h3 37. d7 a5 38. d8=Q+ Kg7
39. Rb7+ Kg6 40. Qg5# { Black checkmated } 1-0

[Event "ICC tourney 2347 (3 2)"]
[Site "Internet Chess Club"]
[Date "2021.01.29"]
[Round "3"]
[White "elMo17"]
[Black "Xuanli28"]
[Result "0-1"]
[ICCResult "White checkmated"]
[WhiteElo "1786"]
[BlackElo "2252"]
[Opening "King's Indian: East Indian defense"]
[ECO "A48"]
[NIC "QP.06"]
[Time "19:28:24"]
[PlyCount "62"]
[TimeControl "180+2"]

1. d4 Nf6 2. Nf3 g6 3. e3 Bg7 4. Be2 d6 5. O-O O-O 6. b3 Nbd7 7. Bb2 c6 8.
c4 Qc7 9. Nc3 e5 10. dxe5 Nxe5 11. Qc2 Be6 12. Rad1 Nxf3+ 13. Bxf3 Rad8 14.
e4 Nd7 15. Ne2 Ne5 16. Nd4 a6 17. Be2 c5 18. Nf3 f5 19. Ng5 Qe7 20. Nxe6
Qxe6 21. f4 Nc6 22. Bxg7 Kxg7 23. Qb2+ Nd4 24. Bf3 Qf6 25. exf5 Nxf3+ 26.
Rxf3 Qxb2 27. Rfd3 Rxf5 28. Rxd6 Rxd6 29. Rxd6 Rxf4 30. Rd7+ Kh6 31. Rxb7
Qc1# { White checkmated } 0-1

[Event "ICC tourney 2347 (3 2)"]
[Site "Internet Chess Club"]
[Date "2021.01.29"]
[Round "3"]
[White "YertletheTurtle"]
[Black "LionsWilliamH"]
[Result "1-0"]
[ICCResult "Black forfeits on time"]
[WhiteElo "1569"]
[BlackElo "604"]
[Opening "Tennison (Lemberg, Zukertort) gambit"]
[ECO "A06"]
[NIC "QP.09"]
[Time "19:29:17"]
[PlyCount "41"]
[TimeControl "180+2"]

1. Nf3 d5 2. e4 dxe4 3. Ng5 Nc6 4. Nxe4 Nf6 5. Nxf6+ exf6 6. Bc4 Be7 7. O-O
f5 8. c3 Be6 9. Bxe6 fxe6 10. Qb3 Qd7 11. Qxb7 O-O 12. d4 Rab8 13. Qa6 Rb6
14. Qe2 Qd6 15. Nd2 Rf6 16. Nc4 Qd8 17. Nxb6 axb6 18. Bg5 Rg6 19. Bxe7 Qxe7
20. Rfe1 Nd8 21. d5 { Black forfeits on time } 1-0

[Event "ICC tourney 2347 (3 2)"]
[Site "Internet Chess Club"]
[Date "2021.01.29"]
[Round "3"]
[White "DavidNest"]
[Black "AidanMc2013"]
[Result "1-0"]
[ICCResult "Black checkmated"]
[WhiteElo "1270"]
[BlackElo "464"]
[Opening "King's gambit"]
[ECO "C30"]
[NIC "KG.05"]
[Time "19:28:43"]
[PlyCount "65"]
[TimeControl "180+2"]

1. e4 e5 2. f4 f6 3. f5 Nc6 4. Bc4 Nge7 5. Qh5+ g6 6. fxg6 Nxg6 7. Nf3 Qe7
8. Nh4 Qg7 9. Nf5 Nd4 10. Nxg7+ Bxg7 11. Na3 Bf8 12. c3 Bxa3 13. cxd4 Bb4
14. dxe5 fxe5 15. b3 d6 16. Bb2 Bd7 17. O-O O-O-O 18. d3 Nf4 19. Qd1 Bc5+
20. d4 exd4 21. Bxd4 Bxd4+ 22. Qxd4 Ne2+ 23. Bxe2 Rhf8 24. Rxf8 Rxf8 25.
Qg7 Rd8 26. Rc1 b6 27. Qh6 Be6 28. Qxe6+ Kb7 29. Qe7 Rb8 30. Qxc7+ Ka8 31.
Bf3 Rb7 32. e5 dxe5 33. Qxb7# { Black checkmated } 1-0

[Event "ICC tourney 2347 (3 2)"]
[Site "Internet Chess Club"]
[Date "2021.01.29"]
[Round "3"]
[White "summermonkey291"]
[Black "atharvamchess"]
[Result "0-1"]
[ICCResult "White checkmated"]
[WhiteElo "1099"]
[BlackElo "1446"]
[Opening "QGD: 4.Bg5 Be7"]
[ECO "D53"]
[NIC "QO.13"]
[Time "19:28:38"]
[PlyCount "134"]
[TimeControl "180+2"]

1. d4 d5 2. c4 e6 3. Nc3 Nf6 4. Bg5 Be7 5. Bxf6 Bxf6 6. Nf3 c6 7. e4 dxe4
8. Nxe4 Nd7 9. Nd6+ Kf8 10. Qa4 Nb6 11. Qb4 Be7 12. c5 Nd5 13. Qc4 Bxd6 14.
cxd6 Qxd6 15. Qc5 Qxc5 16. dxc5 g6 17. Bc4 Kg7 18. Ne5 f6 19. Ng4 e5 20.
Bxd5 cxd5 21. O-O-O Bxg4 22. f3 Be6 23. Rhe1 d4 24. f4 Rac8 25. fxe5 Rxc5+
26. Kb1 Bf5+ 27. Ka1 fxe5 28. b4 Rd5 29. a4 Rc8 30. h3 Rc2 31. g4 Be6 32.
Kb1 Rh2 33. Rh1 Rxh1 34. Rxh1 e4 35. Re1 e3 36. Kc2 h5 37. Rd1 hxg4 38.
hxg4 Bxg4 39. Rg1 Bf5+ 40. Kb3 d3 41. Kc4 Rd7 42. Re1 d2 43. Rxe3 d1=Q 44.
Rc3 Rc7+ 45. Kb5 a6+ 46. Kb6 Qd6+ 47. Ka7 b5+ 48. Rxc7+ Qxc7+ 49. Kxa6 Bc8+
50. Kxb5 Bd7+ 51. Ka6 Qc6+ 52. Ka5 Qxa4+ 53. Kb6 Qxb4+ 54. Kc7 Qc5+ 55.
Kxd7 Qf5+ 56. Kd6 g5 57. Ke7 Qf6+ 58. Kd7 g4 59. Kc7 Qe6 60. Kb7 Qd6 61.
Kc8 Qe7 62. Kb8 g3 63. Kc8 g2 64. Kb8 g1=Q 65. Kc8 Qgc5+ 66. Kb8 Qcc7+ 67.
Ka8 Qcd8# { White checkmated } 0-1